NYP
VERMONT LAKE MONSTERS @ MINNESOTA (NYP) TWINS
06/26/2048
 
TOP OF THE 1ST
Vermont Lake Monsters batting - Pitching for Minnesota (NYP) Twins : RHP Ruben Calderon
Pitching: RHP Ruben Calderon
Batting: RHB Sean Gould 0-0: Ground out 4-3 (Groundball, 4, EV 102.5 MPH)
Batting: RHB Chris Temple 0-0: Ball
1-0: Swinging Strike
1-1: Ball
2-1: Foul Ball, location: 2F
2-2: Ball
3-2: SINGLE (Line Drive, 8LS, EV 105.0 MPH)
Batting: RHB Zachary Anderson 0-0: Ball
1-0: Ball
2-0: Ball
3-0: Called Strike
3-1: Foul Ball, location: 2F
3-2: Foul Ball, location: 2F
3-2: Foul Ball, location: 2F
3-2: TRIPLE (Flyball, 78XD, EV 96.9 MPH)
Chris Temple scores
Batting: LHB Brian Puccio 0-0: Ground out U3 (Groundball, 34, EV 85.6 MPH)
Zachary Anderson scores
Batting: LHB Ed Talamantes 0-0: Called Strike
0-1: Foul Ball, location: 2F
0-2: Ball
1-2: Fly out, F7 (Line Drive, 7S, EV 88.1 MPH)
Top of the 1st over - 2 runs, 2 hits, 0 errors, 0 left on base; Vermont 2 - Minnesota (NYP) 0
BOTTOM OF THE 1ST
Minnesota (NYP) Twins batting - Pitching for Vermont Lake Monsters : RHP Zach Monlux
Pitching: RHP Zach Monlux
Batting: RHB David McClellan 0-0: Ball
1-0: Foul Ball, location: 2F
1-1: Called Strike
1-2: Ball
2-2: Strikes out looking
Batting: RHB Sergio Gomez 0-0: Ball
1-0: Foul Ball, location: 2F
1-1: Called Strike
1-2: Strikes out swinging
Batting: LHB Tomas Espino 0-0: Ball
1-0: Ball
2-0: Foul Ball, location: 2F
2-1: Ball
3-1: Ground out 4-3 (Groundball, 13, EV 90.0 MPH)
Bottom of the 1st over - 0 runs, 0 hits, 0 errors, 0 left on base; Vermont 2 - Minnesota (NYP) 0
TOP OF THE 2ND
Vermont Lake Monsters batting - Pitching for Minnesota (NYP) Twins : RHP Ruben Calderon
Batting: RHB Chris Prinzing 0-0: Ball
1-0: SINGLE (Line Drive, 8RS, EV 98.8 MPH)
Batting: SHB Matt Sybrant 0-0: Foul Ball, location: 2F
0-1: Ball
1-1: 2-RUN HOME RUN (Flyball, 9D, EV 102.5 MPH), Distance : 396 ft
Batting: RHB Jon Coleman 0-0: Ball
1-0: Ground out 6-3 (Groundball, P, EV 83.1 MPH)
Batting: SHB Steve Salafia 0-0: DOUBLE (Line Drive, 7LM, EV 107.5 MPH)
Batting: RHB Sean Gould 0-0: Ball
1-0: Ball
2-0: Fly out, F7 (Flyball, 78M, EV 88.1 MPH)
Batting: RHB Chris Temple 0-0: Ball
1-0: Called Strike
1-1: Ball
2-1: Ground out 5-3 (Groundball, 5, EV 80.6 MPH)
Top of the 2nd over - 2 runs, 3 hits, 0 errors, 1 left on base; Vermont 4 - Minnesota (NYP) 0
BOTTOM OF THE 2ND
Minnesota (NYP) Twins batting - Pitching for Vermont Lake Monsters : RHP Zach Monlux
Batting: RHB Pat Adams 0-0: Called Strike
0-1: Ball
1-1: Swinging Strike
1-2: Ground out 6-3 (Groundball, 4M, EV 78.8 MPH)
Batting: RHB Alexandre Garcia 0-0: Called Strike
0-1: Called Strike
0-2: Strikes out swinging
Batting: LHB Jose Hilario 0-0: SOLO HOME RUN (Flyball, 9D, EV 101.9 MPH), Distance : 384 ft
Batting: LHB Ben Roth 0-0: Ball
1-0: Swinging Strike
1-1: Foul Ball, location: 2F
1-2: Strikes out looking
Bottom of the 2nd over - 1 run, 1 hit, 0 errors, 0 left on base; Vermont 4 - Minnesota (NYP) 1
TOP OF THE 3RD
Vermont Lake Monsters batting - Pitching for Minnesota (NYP) Twins : RHP Ruben Calderon
Batting: RHB Zachary Anderson 0-0: Ground out 5-3 (Groundball, 56, EV 83.8 MPH)
Batting: LHB Brian Puccio 0-0: Ball
1-0: SOLO HOME RUN (Flyball, 9D, EV 95.0 MPH), Distance : 383 ft
Batting: LHB Ed Talamantes 0-0: Called Strike
0-1: Ball
1-1: Ball
2-1: DOUBLE (Groundball, 5L, EV 95.0 MPH)
Batting: RHB Chris Prinzing 0-0: Ball
1-0: Fly out, F8 (Flyball, 89D, EV 99.4 MPH)
Batting: SHB Matt Sybrant 0-0: Ball
1-0: Called Strike
1-1: Swinging Strike
1-2: Strikes out swinging
Top of the 3rd over - 1 run, 2 hits, 0 errors, 1 left on base; Vermont 5 - Minnesota (NYP) 1
BOTTOM OF THE 3RD
Minnesota (NYP) Twins batting - Pitching for Vermont Lake Monsters : RHP Zach Monlux
Batting: RHB Ton van Dijk 0-0: Called Strike
0-1: Foul Ball, location: 2F
0-2: Ball
1-2: Strikes out swinging
Batting: RHB Ioan Biros 0-0: Ground out 5-3 (Groundball, 15, EV 83.8 MPH)
Batting: RHB David McClellan 0-0: Foul Ball, location: 2F
0-1: Called Strike
0-2: Ball
1-2: Foul Ball, location: 2F
1-2: Foul Ball, location: 2F
1-2: Ball
2-2: SINGLE (Groundball, 56D, EV 95.6 MPH)
Batting: RHB Sergio Gomez 0-0: Called Strike
David McClellan is caught stealing 2nd base 2-4
Bottom of the 3rd over - 0 runs, 1 hit, 0 errors, 0 left on base; Vermont 5 - Minnesota (NYP) 1
TOP OF THE 4TH
Vermont Lake Monsters batting - Pitching for Minnesota (NYP) Twins : RHP Ruben Calderon
Batting: RHB Jon Coleman 0-0: Foul Ball, location: 2F
0-1: Ball
1-1: SINGLE (Line Drive, 8RS, EV 99.4 MPH)
Pitching: RHP Larry Muttart
Batting: SHB Steve Salafia 0-0: Ball
1-0: Ball
2-0: Called Strike
2-1: Foul Ball, location: 2F
2-2: Strikes out swinging
Batting: RHB Sean Gould 0-0: Called Strike
0-1: Fly out, F9 (Flyball, 9, EV 76.9 MPH)
Batting: RHB Chris Temple 0-0: Ball
1-0: SINGLE (Groundball, 6MD, EV 106.9 MPH)
Jon Coleman to second
Runner from 2nd tries for 3rd, SAFE, throw by CF made to third
Batting: RHB Zachary Anderson 0-0: Called Strike
0-1: Swinging Strike
0-2: Ball
1-2: Ball
2-2: Foul Ball, location: 2F
2-2: Foul Ball, location: 2F
Balk!
Jon Coleman scores
Chris Temple to second
2-2: Ball
3-2: SINGLE (Line Drive, 4D, EV 93.8 MPH)
Chris Temple to third
Runner from 3rd tries for Home, SAFE, throw by RF to home
Batting: LHB Brian Puccio 0-0: Called Strike
0-1: Ball
Zachary Anderson is caught stealing 2nd base 2-6
Top of the 4th over - 2 runs, 3 hits, 0 errors, 0 left on base; Vermont 7 - Minnesota (NYP) 1
BOTTOM OF THE 4TH
Minnesota (NYP) Twins batting - Pitching for Vermont Lake Monsters : RHP Zach Monlux
Batting: RHB Sergio Gomez 0-0: Fly out, F4 (Line Drive, 4, EV 70.0 MPH)
Batting: LHB Tomas Espino 0-0: Ball
1-0: Ball
2-0: Ball
3-0: Called Strike
3-1: Swinging Strike
3-2: Foul Ball, location: 2F
3-2: Foul Ball, location: 2F
3-2: Ground out 4-3 (Groundball, 4MD, EV 104.4 MPH)
Batting: RHB Pat Adams 0-0: Foul Ball, location: 2F
0-1: Ball
1-1: Swinging Strike
1-2: Foul Ball, location: 2F
1-2: Ball
2-2: Ground out U3 (Groundball, 3, EV 89.4 MPH)
Bottom of the 4th over - 0 runs, 0 hits, 0 errors, 0 left on base; Vermont 7 - Minnesota (NYP) 1
TOP OF THE 5TH
Vermont Lake Monsters batting - Pitching for Minnesota (NYP) Twins : RHP Larry Muttart
Batting: LHB Brian Puccio 0-0: Ball
1-0: Ground out 4-3 (Groundball, 4, EV 90.0 MPH)
Batting: LHB Ed Talamantes 0-0: Called Strike
0-1: Swinging Strike
0-2: Ball
1-2: Ball
2-2: Ball
3-2: Ground out 6-3 (Groundball, 6, EV 105.6 MPH)
Batting: RHB Chris Prinzing 0-0: Called Strike
0-1: Foul Ball, location: 2F
0-2: Ball
1-2: Foul Ball, location: 2F
1-2: Ball
2-2: Fly out, F9 (Flyball, 9D, EV 88.8 MPH)
Top of the 5th over - 0 runs, 0 hits, 0 errors, 0 left on base; Vermont 7 - Minnesota (NYP) 1
BOTTOM OF THE 5TH
Minnesota (NYP) Twins batting - Pitching for Vermont Lake Monsters : RHP Zach Monlux
Batting: RHB Alexandre Garcia 0-0: Ball
1-0: Swinging Strike
1-1: Foul Ball, location: 2F
1-2: Ball
2-2: Ball
3-2: SINGLE (Line Drive, 3D, EV 102.5 MPH)
Batting: LHB Jose Hilario 0-0: Ball
1-0: Foul Ball, location: 2F
1-1: Ball
Alexandre Garcia steals 2nd base
2-1: Ball
Alexandre Garcia steals 3rd base
3-1: SINGLE (Flyball, 89M, EV 101.2 MPH)
Alexandre Garcia scores
Batting: LHB Ben Roth 0-0: Called Strike
0-1: Called Strike
0-2: Foul Ball, location: 2F
0-2: Ball
1-2: Foul Ball, location: 2F
1-2: Ball
2-2: Ball
3-2: Foul Ball, location: 2F
3-2: Strikes out swinging
Jose Hilario is caught stealing 2nd base 2-6
Batter strikes out.
Batting: RHB Ton van Dijk 0-0: Called Strike
0-1: Foul Ball, location: 2F
0-2: Foul Ball, location: 2F
0-2: Ball
1-2: Strikes out swinging
Bottom of the 5th over - 1 run, 2 hits, 0 errors, 0 left on base; Vermont 7 - Minnesota (NYP) 2
TOP OF THE 6TH
Vermont Lake Monsters batting - Pitching for Minnesota (NYP) Twins : RHP Larry Muttart
Pitching: LHP Travis Joyal
Batting: SHB Matt Sybrant 0-0: Ball
1-0: Foul Ball, location: 2F
1-1: Ground out 4-3 (Groundball, 4, EV 100.0 MPH)
Batting: RHB Jon Coleman 0-0: Foul Ball, location: 2F
0-1: Ground out 5-3 (Groundball, 56S, EV 80.0 MPH)
Batting: SHB Steve Salafia 0-0: Swinging Strike
0-1: Ground out 3-1 (Groundball, 34S, EV 85.6 MPH)
Top of the 6th over - 0 runs, 0 hits, 0 errors, 0 left on base; Vermont 7 - Minnesota (NYP) 2
BOTTOM OF THE 6TH
Minnesota (NYP) Twins batting - Pitching for Vermont Lake Monsters : RHP Zach Monlux
Batting: RHB Ioan Biros 0-0: Swinging Strike
0-1: Ball
1-1: Called Strike
1-2: Hit by Pitch
Batting: RHB David McClellan 0-0: SINGLE (Groundball, 56D, EV 100.0 MPH)
Ioan Biros to second
Batting: RHB Sergio Gomez 0-0: Swinging Strike
0-1: Ball
1-1: Grounds into double play, 5-4-3 (Groundball, 56S, EV 80.6 MPH)
Ioan Biros to third
Batting: LHB Tomas Espino 0-0: Ball
1-0: Swinging Strike
1-1: Ball
2-1: Swinging Strike
2-2: Strikes out swinging
Bottom of the 6th over - 0 runs, 1 hit, 0 errors, 1 left on base; Vermont 7 - Minnesota (NYP) 2
TOP OF THE 7TH
Vermont Lake Monsters batting - Pitching for Minnesota (NYP) Twins : LHP Travis Joyal
Batting: RHB Sean Gould 0-0: Called Strike
0-1: Foul Ball, location: 2F
0-2: Ball
1-2: Foul Ball, location: 2F
1-2: Foul Ball, location: 2F
1-2: Foul Ball, location: 2F
1-2: Ball
2-2: Ball
3-2: Foul Ball, location: 2F
3-2: Base on Balls
Batting: RHB Chris Temple 0-0: Ball
1-0: Called Strike
1-1: Ball
2-1: Grounds into double play, 6-4-3 (Groundball, 6, EV 84.4 MPH)
Batting: RHB Zachary Anderson 0-0: Ball
1-0: Called Strike
1-1: Ball
2-1: Called Strike
2-2: SINGLE (Groundball, 6D, EV 97.5 MPH)
Batting: LHB Brian Puccio 0-0: SINGLE (Groundball, 4MD, EV 101.2 MPH)
Zachary Anderson to second
Runner from 2nd tries for 3rd, SAFE, throw by CF made to third
Batting: LHB Ed Talamantes 0-0: Ball
1-0: Swinging Strike
1-1: Ball
2-1: Foul Ball, location: 2F
2-2: Fielders Choice at 2nd, 6-4 (Groundball, 6, EV 88.1 MPH)
Top of the 7th over - 0 runs, 2 hits, 0 errors, 2 left on base; Vermont 7 - Minnesota (NYP) 2
BOTTOM OF THE 7TH
Minnesota (NYP) Twins batting - Pitching for Vermont Lake Monsters : RHP Zach Monlux
Batting: RHB Pat Adams 0-0: Called Strike
0-1: Ball
1-1: Ball
2-1: Foul Ball, location: 2F
2-2: Ball
3-2: Strikes out swinging
Batting: RHB Alexandre Garcia 0-0: Ball
1-0: Ball
2-0: Ball
3-0: Called Strike
3-1: Fly out, F4 (Popup, 4D, EV 48.8 MPH)
Batting: LHB Jose Hilario 0-0: Ball
1-0: Called Strike
1-1: Foul Ball, location: 2F
1-2: Ground out 4-3 (Groundball, 4, EV 97.5 MPH)
Bottom of the 7th over - 0 runs, 0 hits, 0 errors, 0 left on base; Vermont 7 - Minnesota (NYP) 2
TOP OF THE 8TH
Vermont Lake Monsters batting - Pitching for Minnesota (NYP) Twins : LHP Travis Joyal
Batting: RHB Chris Prinzing 0-0: Ball
1-0: Ball
2-0: Called Strike
2-1: Ground out 6-3 (Groundball, 6M, EV 91.2 MPH)
Batting: SHB Matt Sybrant 0-0: Called Strike
0-1: SOLO HOME RUN (Flyball, 7D, EV 97.5 MPH), Distance : 377 ft
Batting: RHB Jon Coleman 0-0: Ground out 5-3 (Groundball, 56S, EV 68.8 MPH)
Batting: SHB Steve Salafia 0-0: Called Strike
0-1: Foul Ball, location: 2F
0-2: Ball
1-2: Foul Ball, location: 2F
1-2: Ball
2-2: Ball
3-2: Foul Ball, location: 2F
3-2: Base on Balls
Batting: RHB Sean Gould 0-0: Foul Ball, location: 2F
0-1: SINGLE (Flyball, 7, EV 81.2 MPH)
Steve Salafia to second
Batting: RHB Chris Temple 0-0: Swinging Strike
0-1: Called Strike
0-2: Strikes out swinging
Top of the 8th over - 1 run, 2 hits, 0 errors, 2 left on base; Vermont 8 - Minnesota (NYP) 2
BOTTOM OF THE 8TH
Minnesota (NYP) Twins batting - Pitching for Vermont Lake Monsters : RHP Zach Monlux
Pitching: LHP Steve Lima
Batting: LHB Ben Roth 0-0: Ball
1-0: Ball
2-0: Ball
3-0: Called Strike
3-1: SINGLE (Line Drive, 78S, EV 111.2 MPH)
Batting: RHB Ton van Dijk 0-0: Ball
1-0: Grounds into double play, 4-6-3 (Groundball, 4, EV 95.0 MPH)
Batting: RHB Ioan Biros 0-0: Foul Ball, location: 2F
0-1: Ball
1-1: Ground out 5-3 (Groundball, 56, EV 79.4 MPH)
Bottom of the 8th over - 0 runs, 1 hit, 0 errors, 0 left on base; Vermont 8 - Minnesota (NYP) 2
TOP OF THE 9TH
Vermont Lake Monsters batting - Pitching for Minnesota (NYP) Twins : LHP Travis Joyal
Pitching: LHP Yeijiro Kimura
Batting: RHB Zachary Anderson 0-0: Foul Ball, location: 2F
0-1: Foul Ball, location: 2F
0-2: Ball
1-2: DOUBLE (Line Drive, 7LS, EV 105.0 MPH)
Batting: LHB Brian Puccio 0-0: Fly out, F9 (Flyball, 9LD, EV 103.1 MPH)
Runner from 2nd tags up, SAFE at 3rd, no throw by RF
Batting: LHB Ed Talamantes 0-0: Ball
1-0: Called Strike
1-1: Ball
2-1: Foul Ball, location: 2F
2-2: Strikes out swinging
Batting: RHB Chris Prinzing 0-0: Foul Ball, location: 2F
0-1: Foul Ball, location: 2F
0-2: Fly out, F7 (Line Drive, 7, EV 96.9 MPH)
Top of the 9th over - 0 runs, 1 hit, 0 errors, 1 left on base; Vermont 8 - Minnesota (NYP) 2
BOTTOM OF THE 9TH
Minnesota (NYP) Twins batting - Pitching for Vermont Lake Monsters : LHP Steve Lima
Batting: RHB David McClellan 0-0: Ball
1-0: Ball
2-0: Foul Ball, location: 2F
2-1: Ground out 3-1 (Groundball, 34, EV 102.5 MPH)
Batting: RHB Sergio Gomez 0-0: Called Strike
0-1: Fly out, F8 (Flyball, 8LD, EV 88.8 MPH)
Batting: LHB Tomas Espino 0-0: Ball
1-0: Ball
2-0: Foul Ball, location: 2F
2-1: Fly out, F8 (Flyball, 78D, EV 109.4 MPH)
Bottom of the 9th over - 0 runs, 0 hits, 0 errors, 0 left on base; Vermont 8 - Minnesota (NYP) 2
Tuesday, March 28th , 2023 - OOTP Baseball 23.10 Build 110